Map: Simulacrum LE

Players

Scarlett - Winner!

  • Race: Zerg Zerg
  • Spawn Location: 5:00

soO

  • Race: Zerg Zerg
  • Spawn Location: 11:00

Event: NationWars 2019

VOD

Have the link to the VOD?

Description

Time

  • Played on: Dec. 1, 2019, 1:44 p.m.
  • Length: 6:14
Show
View Real Time Build Order
Export as new Build Order

Scarlett Zerg - Winner!

Build Orders: Hatch First 

Get SALT Encoding   

  12  0:00  Drone  
  13  0:12  Overlord  
  13  0:19  Drone  
  14  0:31  Drone x2  
  16  0:48  Hatchery  
  15  0:51  Drone  
  15  0:54  Drone  
  17  0:58  Drone  
  18  1:08  Extractor  
  17  1:13  Spawning Pool  
  17  1:16  Drone  
  17  1:20  Drone  
  18  1:28  Drone  
  19  1:39  Drone  
  20  1:49  Drone  
  21  2:00  Queen x2  
  21  2:01  Zergling x2, Overlord  
  26  2:09  Metabolic Boost  
  26  2:10  Drone  
  26  2:13  Drone  
  28  2:21  Drone  
  29  2:23  Drone  
  30  2:35  Hatchery  
  29  2:37  Zergling x2  
  32  2:49  Overlord  
  32  2:58  Drone  
  32  2:59  Drone x3  
  32  3:04  Overlord  
  36  3:11  Zergling x6  
  37  3:13  Zergling x8  
  41  3:22  Roach Warren  
  41  3:24  Drone x2  
  42  3:41  Zergling x10  
  46  3:48  Overlord  
  51  4:02  Roach  
  51  4:03  Roach x4  
  51  4:06  Roach x2  
  59  4:11  Roach x3  
  59  4:15  Overlord  
  65  4:24  Overlord  
  65  4:30  Zergling x2  
  66  4:38  Zergling x10  
  70  4:45  Zergling x16  
  78  4:54  Overlord  
  75  5:00  Zergling x6  
  76  5:12  Zergling x6  
  73  5:26  Zergling x16  
  76  5:34  Zergling x10  
  79  5:49  Zergling x6  
  78  5:53  Ravager  
  68  6:05  Ravager  
Show
View Real Time Build Order
Export as new Build Order

soO Zerg 

Build Orders: Hatch First 

Get SALT Encoding   

  12  0:00  Drone  
  13  0:12  Overlord  
  13  0:17  Drone  
  14  0:30  Drone x2  
  16  0:49  Hatchery  
  15  0:52  Drone  
  15  0:56  Drone  
  17  0:58  Drone  
  18  1:11  Extractor  
  18  1:14  Spawning Pool  
  18  1:17  Drone  
  17  1:21  Drone  
  18  1:29  Drone  
  19  1:38  Drone  
  20  1:50  Overlord  
  20  2:01  Queen x2  
  20  2:02  Zergling x2, Drone  
  26  2:12  Metabolic Boost, Drone x2  
  29  2:22  Drone  
  29  2:23  Drone  
  30  2:36  Hatchery  
  29  2:42  Drone  
  29  2:43  Zergling x2  
  31  2:46  Overlord  
  31  2:51  Baneling Nest  
  31  2:55  Drone  
  31  2:56  Drone  
  32  3:03  Drone  
  33  3:10  Drone  
  33  3:11  Drone  
  35  3:15  Zergling x10  
  35  3:19  Overlord  
  40  3:21  Zergling x2  
  40  3:24  Drone  
  41  3:35  Zergling x4  
  41  3:38  Baneling x2  
  43  3:41  Zergling x12  
  48  3:49  Queen  
  48  3:53  Drone  
  51  3:58  Zergling x8  
  53  4:10  Zergling x8  
  56  4:18  Zergling x2  
  57  4:33  Overlord  
  57  4:37  Roach Warren, Baneling x2  
  56  4:39  Zergling x2  
  56  4:42  Zergling x2  
  56  4:45  Drone x2  
  58  4:49  Drone x3  
  58  4:51  Drone  
  58  4:52  Drone  
  58  4:55  Drone x2, Queen  
  60  5:03  Zergling x6  
  60  5:04  Drone x2  
  65  5:09  Overlord  
  65  5:10  Overlord  
  63  5:19  Zergling x6  
  65  5:24  Zergling x8  
  65  5:26  Zergling x2  
  61  5:30  Roach x3  
  63  5:36  Roach x2  
  63  5:40  Baneling x6  
  66  5:46  Roach x2  
  64  5:50  Roach x2  
  64  5:53  Zergling x2  
Tags
 
Add a new tag
Caveats
  • Supply blocks, unpowered buildings, or Contaminate may cause inaccurate times.
  • Supply counts are checked every 10 seconds.